AoeStats
← 海峡

MegaRandom

504635875Analyzed
1v1 RM · 27d ago on Sep 6, 2026· 48m 38s· 2 players
Game mode
Random Map
Map size
Tiny (2 player)
Population
200
Speed
Normal
Resources
Standard
Victory
Conquest
Starting age
Dark Age
Ending age
Imperial Age
RankedLock teamsTeams togetherTeam positionsShared explorationLock speedFull tech treeHidden civsTurbo modeCheats
Victory
Defeat
🇨🇳 Romans · China
1753
+14
🇨🇿 Cumans · Czechia
1701
-14
Čiko
9:06 Feudal Age
10:38 Double-Bit Axe
17:08 Loom
21:08 Wheelbarrow
21:47 Fletching
22:11 Town Watch
22:33 Town Watch
24:58 Castle Age
30:41 Castle Age
41:09 Forging
海峡
5:47 Loom
10:57 Feudal Age
11:57 Double-Bit Axe
14:53 Castle Age
13:26 Man-at-Arms
14:33 Scale Mail Armor
16:26 Bow Saw
15:58 Long Swordsman
34:28 Horse Collar
41:59 Wheelbarrow
41:38 Heavy Plow
46:22 Imperial Age
44:40 Forging
46:05 Iron Casting
45:46 Scale Barding Armor
46:08 Husbandry
46:18 Bloodlines
46:50 Hand Cart
46:22 Cavalier
48:02 Crop Rotation
49:50 Blast Furnace
Connection lost

Rejoining the realm…

Still unreachable

The connection could not be restored.

Session expired

The server has moved on; the page needs a fresh start.